 Dungeon Crawl Stone Soup version 0.28.0-43-g3370ac3207 (webtiles) character file.

Game seed: 9139610228996044136

120 pkoi the Insei (level 4, -2/36 HPs)
             Began as a Demigod Warper on Mar 29, 2022.
             Slain by an iguana (12 damage)
             ... on level 4 of the Dungeon.
             The game lasted 00:03:16 (2959 turns).

pkoi the Insei (Demigod Warper)                     Turns: 2959, Time: 00:03:17

Health: -2/36      AC:  5    Str: 12    XL:     4   Next: 47%
Magic:  10/10      EV: 11    Int: 19    God:
Gold:   213        SH:  0    Dex: 13    Spells: 5/7 levels left

rFire   . . .      SeeInvis .     - Unarmed
rCold   . . .      Faith    .   (no shield)
rNeg    . . .      Spirit   .   a - +0 leather armour
rPois   .          Reflect  .   (no helmet)
rElec   .          Harm     .   (no cloak)
rCorr   .          Rampage  .   l - +1 pair of gloves
Will    .....                   (no boots)
Stlth   +.........              (no amulet)
HPRegen 0.12/turn               q - ring of flight
MPRegen 0.12/turn               (no ring)

@: flying
A: high MP 1, forlorn, divine attributes
a: no special abilities


You were on level 4 of the Dungeon.
You visited 1 branch of the dungeon, and saw 4 of its levels.

You collected 213 gold pieces.

Inventory:

Hand Weapons
 e - a +0 short sword
 g - a +0 dagger
Missiles
 c - 5 boomerangs of dispersal (quivered)
 f - a throwing net
 r - 8 poisoned darts
Armour
 a - a +0 leather armour (worn)
 l - a +1 pair of gloves (worn)
Magical Staves
 k - a staff of conjuration
Jewellery
 q - a ring of flight (left hand)
Scrolls
 b - a scroll of blinking
 d - 2 scrolls of teleportation {unknown}
 j - 2 scrolls of identify {unknown}
 o - 2 scrolls of vulnerability {unknown}
 s - a scroll of holy word {unknown}
 t - a scroll of magic mapping {unknown}
Potions
 h - a potion of cancellation {unknown}
 i - a potion of lignification {unknown}
 m - a potion of ambrosia {unknown}
 n - a potion of haste {unknown}
 p - a potion of curing {unknown}


   Skills:
 - Level 1.7 Fighting
 - Level 0.8 Throwing
 - Level 0.8 Armour
 - Level 1.7 Dodging
 + Level 3.5 Unarmed Combat
 + Level 2.3 Spellcasting
 + Level 1.2 Conjurations
 + Level 3.1 Translocations


You had 5 spell levels left.
You knew the following spells:

 Your Spells              Type           Power      Damage    Failure   Level
a - Blink                 Tloc           28%        N/A       9%          2

Your spell library contained the following spells:

 Spells                   Type           Power      Damage    Failure   Level
 Gell's Gravitas          Tloc           14%        N/A       17%         3
 Lesser Beckoning         Tloc           14%        N/A       17%         3
 Teleport Other           Tloc           14%        N/A       17%         3
 Beastly Appendage        Tmut           4%         N/A       21%         1
 Ensorcelled Hibernation  Hex/Ice        4%         N/A       30%         2
 Wereblood                Tmut           2%         N/A       30%         2
 Dazzling Flash           Conj/Hex       8%         N/A       43%         3
 Ozocubu's Armour         Ice            2%         N/A       52%         3
 Spider Form              Tmut/Pois      2%         N/A       52%         3
 Iskenderun's Mystic Bla  Conj/Tloc      10%        2d4       63%         4
 Manifold Assault         Tloc           14%        N/A       83%         5
 Anguish                  Hex/Necr       1%         N/A       90%         4
 Metabolic Englaciation   Hex/Ice        1%         N/A       99%         5
 Simulacrum               Ice/Necr       1%         N/A       100%        6
 Starburst                Conj/Fire      2%         6d3       100%        6


Dungeon Overview and Level Annotations

Branches:
Dungeon (4/15)
 Temple: D:4-7


Innate Abilities, Weirdness & Mutations

You have an increased reservoir of magic. (+10% MP)
You shall have no god before yourself.
Your divine heritage dramatically boosts your attributes as you level up.


Message History

The centaur zombie misses you.
The centaur zombie kicks you but does no damage.
You hit the centaur zombie but do no damage.
The centaur zombie is almost destroyed.
The centaur zombie hits you but does no damage.
The centaur zombie kicks you but does no damage.
The centaur zombie hits you.
* * * LOW HITPOINT WARNING * * *
The centaur zombie kicks you but does no damage.
You hit the centaur zombie.
The centaur zombie is almost destroyed.
The centaur zombie misses you. The centaur zombie barely misses you.
You hit the centaur zombie.
The centaur zombie is almost destroyed.
The centaur zombie hits you.
* * * LOW HITPOINT WARNING * * *
The centaur zombie kicks you but does no damage.
You hit the centaur zombie.
You destroy the centaur zombie!
There is a stone staircase leading up, spattered with blood here.
You start resting.
An iguana is nearby!
An iguana is nearby!
An iguana is nearby!
The iguana closely misses you.
You hit the iguana but do no damage. The iguana bites you!
* * * LOW HITPOINT WARNING * * *
You barely miss the iguana. The iguana bites you.
* * * LOW HITPOINT WARNING * * *
You closely miss the iguana. The iguana bites you.
* * * LOW HITPOINT WARNING * * *
You hit the iguana but do no damage. The iguana bites you!
* * * LOW HITPOINT WARNING * * *
You closely miss the iguana. The iguana misses you.
Casting: Blink (safe; 9% risk of failure)
Confirm with . or Enter, or press ? or * to list all spells.
Okay, then.
There is a stone staircase leading up, spattered with blood here.
The iguana bites you!
You die...

## #..
###..#####
.........##
#.......####
#..........#
#@.# #l.#
#..## #...#
#.###.# #.#
#.. #. ..#
##.#. .#
...l ..


You could see an iguana.

Vanquished Creatures
  A centaur zombie (D:4)
  A gnoll (D:3)
  An adder (D:2)
  2 worms (D:2)
  3 dart slugs
  3 orcs (D:3)
  8 endoplasms
  2 giant cockroaches
  7 goblins
  4 hobgoblins
  5 kobolds
  A quokka (D:2)
  4 ball pythons
  3 bats
  3 frilled lizards
  3 rats
51 creatures vanquished.

Notes
Turn   | Place    | Note
-------+----------+-------------------------------------------
     0 | D:1      | pkoi the Demigod Warper began the quest for the Orb.
     0 | D:1      | Reached XP level 1. HP: 17/17 MP: 5/5
   296 | D:1      | Reached XP level 2. HP: 24/24 MP: 7/7
   448 | D:1      | Learned a level 2 spell: Blink
  1312 | D:2      | Reached XP level 3. HP: 29/29 MP: 8/8
  2816 | D:3      | Reached skill level 1 in Conjurations
  2816 | D:3      | Reached XP level 4. HP: 29/36 MP: 10/10
  2959 | D:4      | Slain by an iguana

Illustrated notes

Levels and vault maps discovered:
D:1:      dpeg_arrival_simpleton_c, layout_rooms
D:2:      layout_rooms
D:3:      layout_basic, gammafunk_temple_overflow_statue,
          grunt_dithmenos_smoke_and_mirrors, minmay_pentomino_pile
D:4:      layout_loops_ring, minmay_starry_boxes, uniq_eustachio, uniq_menkaure,
          uniq_grinder

Skill      XL: |  1  2  3 |
---------------+----------+-----
Unarmed Combat | 2 3 |  3.5
Spellcasting   | 2 |  2.3
Translocations | 3 |  3.1
Conjurations   | 1 |  1.2
Fighting       | |  1.7
Throwing       | |  0.8
Armour         | |  0.8
Dodging        | |  1.7

Action                   |  1- 3 |  4- 6 || total
-------------------------+-------+-------++-------
Melee: Unarmed           |   203 |    20 ||   223
       Punch             |     4 |       ||     4
Armor: Leather armour    |    57 |    12 ||    69
Dodge: Dodged            |   104 |    20 ||   124
